 Dungeon Crawl Stone Soup version 0.26.1-2-gb8aa6d0cf2 (webtiles) character file.

Game seed: 10206234090488755721

28420 littlecub the Geomancer (level 13, -10/79 HPs)
             Began as a Gargoyle Earth Elementalist on Feb 8, 2021.
             Was a High Priest of Sif Muna.
             Mangled by a seven-headed hydra (11 damage)
             ... on level 3 of the Lair of Beasts.
             The game lasted 00:58:59 (19475 turns).

littlecub the Geomancer (GrEE)                     Turns: 19475, Time: 00:59:00

Health: -10/79     AC: 18    Str: 25    XL:     13   Next: 38%
Magic:  4/24       EV: 12    Int: 18    God:    Sif Muna [*****.]
Gold:   691        SH:  8    Dex:  5    Spells: 4/26 levels left

rFire    + . .     SeeInvis .   r - +9 dagger of Sunlight {flame, rN+ Str+6 Dex-5 Stlth+}
rCold    . . .     Faith    .   g - +4 buckler of the Armadillo {rPois Str+4}
rNeg     + + .     Spirit   .   B - +0 steam dragon scales
rPois    ∞         Reflect  .   v - +0 helmet
rElec    +         Harm     .   (no cloak)
rCorr    .         Rampage  .   d - +0 pair of gloves
Will     .....                  (no boots)
Stlth    ++........             t - amulet of magic regeneration (curse)
HPRegen  0.23/turn              (no ring)
MPRegen  0.44/turn              N - ring of protection from fire (curse)

@: hasted, very quick
A: negative energy resistance 1, electricity resistance, unbreathing,
petrification resistance, miasma immunity, AC +9
a: Renounce Religion, Channel Magic, Forget Spell, Divine Exegesis


You were on level 3 of the Lair of Beasts.
You worshipped Sif Muna.
Sif Muna was extremely pleased with you.
You visited 3 branches of the dungeon, and saw 16 of its levels.
You also visited: Ossuary.

You collected 988 gold pieces.
You spent 297 gold pieces at shops.

Inventory:

Hand Weapons
 r - the +9 dagger of Sunlight (weapon) {flame, rN+ Str+6 Dex-5 Stlth+}
   (You found it on level 8 of the Dungeon)

   It has been specially enchanted to burn those struck by it, causing extra
   injury to most foes and up to half again as much damage against particularly
   susceptible opponents.
   It affects your strength (+6).
   It affects your dexterity (-5).
   It protects you from negative energy.
   It makes you more stealthy.
 C - the +5 hunting sling of Wona {flame, Str+2 SInv}
   (You found it on level 8 of the Dungeon)

   It causes projectiles fired from it to burn those they strike, causing extra
   injury to most foes and up to half again as much damage against particularly
   susceptible opponents.
   It affects your strength (+2).
   It lets you see invisible.
 H - the +9 staff of Olgreb {rPois∞}
   (You found it on level 8 of the Dungeon)

   It grants immunity to poison.
Missiles
 w - 326 stones
 K - 26 sling bullets
Armour
 d - a +0 pair of gloves (worn)
 g - the +4 buckler of the Armadillo (worn) {rPois Str+4}
   (You found it on level 4 of the Dungeon)

   It affects your strength (+4).
   It protects you from poison.
 v - a +0 helmet (worn)
 B - +0 steam dragon scales (worn)
Magical Staves
 f - an uncursed staff of conjuration
Jewellery
 t - a cursed amulet of magic regeneration (around neck)
 N - a cursed ring of protection from fire (right hand)
Wands
 c - a wand of random effects (24)
 n - a wand of digging (10)
 G - a wand of flame (36)
 O - a wand of iceblast (2)
Scrolls
 a - 4 scrolls of immolation
 e - 12 scrolls of teleportation
 h - 4 scrolls of fear
 m - 3 scrolls of enchant armour
 u - 3 scrolls of magic mapping
 x - a scroll of remove curse
 y - 2 scrolls of fog
 D - a scroll of summoning
 E - 3 scrolls of amnesia {unknown}
 I - 3 scrolls of enchant weapon
 J - a scroll of blinking
 P - a scroll of brand weapon {unknown}
 R - a scroll of silence
 S - a scroll of noise {unknown}
Potions
 b - 3 potions of magic {unknown}
 i - 2 potions of might {unknown}
 j - 2 potions of flight {unknown}
 k - 2 potions of mutation {unknown}
 o - 5 potions of ambrosia {unknown}
 p - 3 potions of haste
 q - a potion of degeneration {unknown}
 s - 3 potions of brilliance {unknown}
 z - 6 potions of heal wounds {unknown}
 A - 5 potions of lignification {unknown}
 F - a potion of invisibility {unknown}
 L - 2 potions of resistance {unknown}
 Q - a potion of cancellation {unknown}


   Skills:
 + Level 8.3 Fighting
 - Level 6.0 Armour
 + Level 4.2 Dodging
 - Level 2.1 Stealth
 - Level 4.0 Shields
 + Level 7.4 Spellcasting
 - Level 8.0 Conjurations
 + Level 2.8 Translocations
 + Level 6.3 Transmutations
 * Level 13.1 Earth Magic
 * Level 9.9 Invocations


You had 4 spell levels left.
You knew the following spells:

 Your Spells              Type           Power        Failure   Level
a - Stone Arrow           Conj/Erth      88%          1%          3
c - Lee's Rapid Deconstr  Erth           26%          1%          5
d - Sandblast             Erth           100%         1%          1
e - Fireball              Conj/Fire      10%          50%         5
q - Passwall              Tmut/Erth      34%          1%          2
w - Blink                 Tloc           N/A          4%          2
x - Petrify               Tmut/Erth      41%          1%          4

Your spell library contained the following spells:

 Spells                   Type           Power        Failure   Level
 Foxfire                  Conj/Fire      84%          1%          1
 Magic Dart               Conj           100%         1%          1
 Searing Ray              Conj           70%          1%          2
 Apportation              Tloc           32%          3%          1
 Conjure Flame            Conj/Fire      21%          6%          3
 Dazzling Flash           Conj/Hex       42%          6%          3
 Gell's Gravitas          Tloc           8%           10%         3
 Animate Skeleton         Necr           12%          11%         1
 Corona                   Hex            6%           11%         1
 Freeze                   Ice            24%          11%         1
 Pain                     Necr           24%          11%         1
 Summon Small Mammal      Summ           24%          11%         1
 Iskenderun's Mystic Bla  Conj/Tloc      26%          11%         4
 Ignite Poison            Fire/Tmut/Pois 14%          13%         3
 Fulminant Prism          Conj/Hex       10%          21%         4
 Sticky Flame             Conj/Fire      21%          21%         4
 Inner Flame              Hex/Fire       6%           30%         3
 Vampiric Draining        Necr           3%           30%         3
 Animate Dead             Necr           3%           71%         4
 Agony                    Necr           6%           96%         5
 Starburst                Conj/Fire      10%          97%         6
 Freezing Cloud           Conj/Ice/Air   8%           99%         6
 Ignition                 Fire           3%           100%        8


Dungeon Overview and Level Annotations

Branches:
Dungeon (11/15)            Temple (1/1) D:4            Lair (4/6) D:9
    Orc (0/2) D:11        Ossuary (visited)
  Swamp: Lair:2-4    Shoals: Lair:2-4     Snake: Lair:2-4    Spider: Lair:2-4

Altars:
Ashenzari
Cheibriados
Dithmenos
Elyvilon
Fedhas
Gozag
Hepliaklqana
Kikubaaqudgha
Makhleb
Nemelex Xobeh
Okawaru
Qazlal
Ru
Sif Muna
Trog
Uskayaw
Vehumet
Wu Jian
Xom
Zin
The Shining One
Beogh
Lugonu

Shops:
D:5 =

Annotations:
D:8 1 runed translucent door
Lair:3 exclusion: oklob plant


Innate Abilities, Weirdness & Mutations

You are resistant to torment.
Your stone body is resilient. (AC +9)
You are immune to poison.
You resist negative energy. (rN+)
You are resistant to electric shocks. (rElec)
You can survive without breathing.
You are immune to petrification.
You are immune to miasma.


Message History

Press: ? - help, Shift-Dir - straight line That beam is likely to hit you.
Continue anyway?
Okay, then.
Aiming: Iceblast
Press: ? - help, Shift-Dir - straight line The mass of ice explodes!
The iceblast engulfs the plant!
The plant is lightly damaged.
The iceblast engulfs the fungus!
The fungus is lightly damaged.
The iceblast engulfs the seven-headed hydra!
The seven-headed hydra is heavily wounded.
The seven-headed hydra is no longer petrified.
A nearby plant withers and dies.
A nearby fungus withers and dies.
You feel yourself speed up. The seven-headed hydra bites you.
* * * LOW HITPOINT WARNING * * *
The seven-headed hydra bites you but does no damage.
You block the seven-headed hydra's attack.
The seven-headed hydra bites you!
You die...

....................##..#†#......
.....P#..##.#......####..##......
#....##..P###......#.....#.......
#....#.....##.......#.†..#...>...
##....#....#........#.....#.....^
##...##.............#....#.......
.#..........#.............#......
.#...P#.............#.....#......
.#....####.##...@D..#...##.......
........#.###...........#.#......
..................P..............
.#.P#.#..##..#...##.##.....#.#.##
##P###.###############.#########
### ### ###


You could see a seven-headed hydra.

Vanquished Creatures
  Rupert (Lair:3)
  Nessos (Lair:4)
  A hydra (D:9)
  4 two-headed ogres
  A necromancer (D:10)
  Pikel (D:6)
  A manticore (D:11)
  7 elephants
  A black mamba (Lair:2)
  A gargoyle (D:11)
  4 cane toads
  Maggie (D:6)
  4 komodo dragons
  2 rime drakes
  3 trolls
  A hornet (D:11)
  3 blink frogs (Lair:3)
  Sigmund (D:5)
  A redback (Lair:3)
  9 yaks (D:11)
  3 wyverns
  Eustachio (D:5)
  2 steam dragons
  2 basilisks
  Edmund (D:5)
  4 soldier ants
  6 orc warriors
  11 water moccasins
  2 ice beasts
  6 sky beasts
  A black bear (D:6)
  2 phantoms
  5 centaurs
  An ogre (D:6)
  A necrophage (D:11)
  12 wolves
  2 elf zombies (Ossuary)
  Blork the orc (D:4)
  17 bullfrogs
  A water moccasin zombie (D:9)
  9 scorpions
  21 killer bees
  8 wights (D:6)
  An electric eel (Lair:2)
  4 howler monkeys
  5 centaur zombies
  6 orc priests
  2 bullfrog zombies
  2 human zombies (Ossuary)
  2 bullfrog skeletons
  3 hounds
  A jelly (D:7)
  11 orc wizards
  3 centaur skeletons
  4 iguanas
  15 worker ants
  3 hell rats
  5 polar bear simulacra (D:10)
  3 yak simulacra (D:10)
  4 hound zombies (Ossuary)
  A hound skeleton (D:7)
  3 mummies (Ossuary)
  Robin (D:2)
  10 river rats (Lair:3)
  14 adders
  5 shadow imps
  5 white imps
  An ufetubus (D:8)
  4 oozes
  6 adder zombies
  2 adder skeletons (D:4)
  5 worms
  2 dart slugs
  5 leopard geckos
  52 orcs
  8 giant cockroaches
  12 goblins
  8 hobgoblins
  8 jackals
  6 quokkas
  2 ball pythons
  7 bats
  7 frilled lizards
  A gnoll zombie (Ossuary)
  2 goblin zombies (Ossuary)
  A hobgoblin zombie (Ossuary)
  2 jackal skeletons
  3 jackal zombies (Ossuary)
  7 kobolds
  3 kobold zombies (Ossuary)
  A quokka skeleton (D:7)
  4 quokka zombies (Ossuary)
  7 rats
  4 rat zombies (Ossuary)
  3 river rat simulacra (D:10)
453 creatures vanquished.

Vanquished Creatures (others)
  13 fungi
  38 plants
51 creatures vanquished.

Grand Total: 504 creatures vanquished

Notes
Turn   | Place    | Note
-------+----------+-------------------------------------------
     0 | D:1      | littlecub the Gargoyle Earth Elementalist began the quest
                  | for the Orb.
     0 | D:1      | Reached XP level 1. HP: 10/10 MP: 3/3
   290 | D:1      | Reached XP level 2. HP: 15/16 MP: 5/5
   327 | D:1      | Reached skill level 1 in Transmutations
   509 | D:1      | Reached skill level 4 in Earth Magic
   767 | D:1      | Reached skill level 1 in Fighting
   995 | D:1      | Reached XP level 3. HP: 19/20 MP: 6/6
  1277 | D:2      | Noticed Robin
  1726 | D:2      | Killed Robin
  1727 | D:2      | Reached XP level 4. HP: 25/25 MP: 0/7
  2213 | D:2      | Found a sparkling altar of Nemelex Xobeh.
  2341 | D:2      | Found a blossoming altar of Fedhas.
  2788 | D:3      | Learned a level 3 spell: Stone Arrow
  2791 | D:3      | Learned a level 2 spell: Passwall
  2821 | D:3      | Reached skill level 5 in Earth Magic
  2927 | D:3      | Noticed a bullfrog
  2938 | D:3      | Killed a bullfrog
  2939 | D:3      | Reached skill level 1 in Conjurations
  2939 | D:3      | Reached XP level 5. HP: 23/30 MP: 3/9
  3116 | D:3      | Found a sacrificial altar of Ru.
  3392 | D:3      | Reached XP level 6. HP: 35/35 MP: 10/10
  3637 | D:4      | Found a glowing golden altar of the Shining One.
  3639 | D:4      | Noticed an angel
  3915 | D:4      | Found a bloodstained altar of Trog.
  4239 | D:4      | Reached skill level 1 in Armour
  4297 | D:4      | Reached XP level 7. HP: 24/40 MP: 9/11
  4414 | D:4      | Found a hide-covered altar of Uskayaw.
  4414 | D:4      | Noticed a +0 dagger
  4426 | D:4      | Noticed a +0 hand axe
  4473 | D:4      | Got a distressingly furry buckler
  4479 | D:4      | Identified the +4 buckler of the Armadillo {rPois Str+4}
                  | (You found it on level 4 of the Dungeon)
  4842 | D:4      | Found a staircase to the Ecumenical Temple.
  4854 | D:4      | Noticed Blork the orc
  4864 | D:4      | Killed Blork the orc
  4865 | D:4      | Reached skill level 6 in Earth Magic
  5061 | D:5      | Entered Level 5 of the Dungeon
  5080 | D:5      | Noticed Sigmund
  5093 | D:5      | Killed Sigmund
  5126 | Temple   | Entered the Ecumenical Temple
  5189 | Temple   | Became a worshipper of Sif Muna the Loreminder
  5242 | D:5      | Found Asauvvih's Jewellery Shoppe.
  5270 | D:5      | Noticed Eustachio
  5285 | D:5      | Killed Eustachio
  5286 | D:5      | Reached XP level 8. HP: 37/46 MP: 0/13
  5320 | D:5      | Found a sand-covered staircase.
  5333 | D:5      | Noticed Edmund
  5360 | D:5      | Killed Edmund
  5376 | Ossuary  | Entered an ossuary
  5584 | Ossuary  | Learned a level 5 spell: Lee's Rapid Deconstruction
  5636 | Ossuary  | Reached skill level 7 in Earth Magic
  5665 | Ossuary  | Reached * piety under Sif Muna
  5924 | Ossuary  | Identified a scroll of acquirement
  6269 | Ossuary  | Reached ** piety under Sif Muna
  6301 | Ossuary  | Reached skill level 5 in Conjurations
  6450 | D:5      | Acquired an uncursed staff of conjuration
  6532 | D:5      | Reached XP level 9. HP: 47/52 MP: 15/15
  6718 | D:5      | Bought a cursed amulet of magic regeneration for 297 gold
                  | pieces
  6798 | D:5      | Found a white marble altar of Elyvilon.
  6964 | D:5      | Found a sparkling altar of Nemelex Xobeh.
  7273 | D:6      | Reached skill level 8 in Earth Magic
  7275 | D:6      | Reached skill level 1 in Shields
  7768 | D:6      | Reached skill level 1 in Invocations
  7768 | D:6      | Reached *** piety under Sif Muna
  7880 | D:6      | Found a burning altar of Makhleb.
  8051 | D:6      | Noticed Maggie
  8070 | D:6      | Killed Maggie
  8133 | D:6      | Noticed Pikel
  8145 | D:6      | Killed Pikel
  8146 | D:6      | Reached skill level 5 in Fighting
  8146 | D:6      | Reached skill level 9 in Earth Magic
  8146 | D:6      | Reached XP level 10. HP: 59/59 MP: 8/17
  8193 | D:6      | Found a radiant altar of Vehumet.
  8206 | D:6      | Found a glowing silver altar of Zin.
  8906 | D:7      | Reached skill level 5 in Spellcasting
  9067 | D:7      | Found a snail-covered altar of Cheibriados.
  9344 | D:8      | Got an iridescent hunting sling
  9345 | D:8      | Identified the +5 hunting sling of Wona {flame, Str+2 SInv}
                  | (You found it on level 8 of the Dungeon)
  9442 | D:8      | Noticed a two-headed ogre
  9448 | D:8      | Killed a two-headed ogre
  9531 | D:8      | Found the +9 staff of Olgreb {rPois∞}
  9537 | D:8      | Found a runed translucent door.
  9542 | D:8      | Found a runed translucent gate.
  9542 | D:8      | Found a runed translucent gate.
  9543 | D:8      | Found a runed translucent door.
  9601 | D:8      | Got a transparent dagger
  9602 | D:8      | Identified the +9 dagger of Sunlight {flame, rN+ Str+6
                  | Dex-5 Stlth+} (You found it on level 8 of the Dungeon)
  9794 | D:8      | Found a runed translucent gate.
  9864 | D:8      | Found an opulent altar of Gozag.
 10291 | D:8      | Reached **** piety under Sif Muna
 10402 | D:8      | Reached skill level 10 in Earth Magic
 10616 | D:9      | Reached skill level 5 in Invocations
 10616 | D:9      | Reached XP level 11. HP: 64/64 MP: 2/19
 10808 | D:9      | Noticed a two-headed ogre
 10813 | D:9      | Killed a two-headed ogre
 10860 | D:9      | Found an ornate altar of the Wu Jian Council.
 10995 | D:9      | Reached ***** piety under Sif Muna
 11057 | D:9      | Found a sparkling altar of Nemelex Xobeh.
 11117 | D:9      | Found a staircase to the Lair.
 11150 | D:10     | Entered Level 10 of the Dungeon
 11342 | D:10     | Noticed a necromancer
 11345 | D:10     | Killed a necromancer
 11519 | D:10     | Received a gift from Sif Muna
 12529 | D:11     | Noticed a manticore
 12542 | D:11     | Killed a manticore
 12543 | D:11     | Reached skill level 11 in Earth Magic
 12689 | D:11     | Reached skill level 5 in Transmutations
 12692 | D:11     | Noticed a two-headed ogre
 12727 | D:10     | Learned a level 4 spell: Petrify
 12774 | D:11     | Killed a two-headed ogre
 13121 | D:11     | Reached XP level 12. HP: 69/71 MP: 3/21
 13217 | D:11     | Reached skill level 5 in Armour
 13821 | D:11     | Found a staircase to the Orcish Mines.
 13886 | D:11     | Found a roughly hewn altar of Beogh.
 14046 | D:11     | Noticed a two-headed ogre
 14059 | D:11     | Killed a two-headed ogre
 14059 | D:11     | Identified Sif Muna's Papyrus of Warped Snow (Sif Muna
                  | gifted it to you on level 11 of the Dungeon)
 14059 | D:11     | Received a gift from Sif Muna
 14064 | D:11     | Learned a level 2 spell: Blink
 14282 | Lair:1   | Entered Level 1 of the Lair of Beasts
 14302 | Lair:1   | Noticed a six-headed hydra
 14350 | D:9      | Killed a six-headed hydra
 14351 | D:9      | Reached skill level 12 in Earth Magic
 15603 | Lair:2   | Reached skill level 1 in Translocations
 16242 | Lair:2   | You fall into a shaft and drop 1 floor!
 17034 | Lair:3   | Found a shimmering altar of Xom.
 17238 | Lair:3   | Noticed Rupert
 17259 | Lair:3   | Paralysed by Rupert for 3 turns
 17265 | Lair:3   | Paralysed by Rupert for 7 turns
 17274 | Lair:3   | Killed Rupert
 17275 | Lair:3   | Reached XP level 13. HP: 12/78 MP: 13/23
 18262 | Lair:4   | Received a gift from Sif Muna
 18283 | Lair:4   | Learned a level 5 spell: Fireball
 18404 | Lair:4   | Noticed Nessos
 18410 | Lair:4   | Reached skill level 13 in Earth Magic
 18426 | Lair:4   | Killed Nessos
 19475 | Lair:3   | HP: 1/79 [seven-headed hydra (5)]
 19475 | Lair:3   | Mangled by a seven-headed hydra

Illustrated notes

Levels and vault maps discovered:
D:1:      dpeg_arrival_rhombus, layout_loops_cross, nrook_loot_triangle,
          serial_bayou_pond_d, minmay_tetromino_l4
D:2:      layout_basic, lemuel_doored_altar, nemelex_diamond_rough_becter,
          uniq_robin
D:3:      layout_rooms, nicolae_ru_sacrificial_ziggurat
D:4:      layout_cave_pods, nicolae_overflow_crystal_walls,
          dancing_weapons_uskayaw, grunt_temple_overflow_holy_war,
          minmay_temple_entry_from_below_a, uniq_blork_the_orc
D:5:      layout_basic, lemuel_round_altar, serial_shops, kennysheep_mini_moat,
          nicolae_ossuary_entry_false_entrances, basic_altar, uniq_edmund,
          uniq_eustachio, uniq_sigmund
D:6:      wander_river, layout_rooms, zin_academy, lemuel_crystal_altar,
          lemuel_coloured_pillars_altar, uniq_pikel, uniq_maggie
D:7:      layout_rooms, slow_altar_2
D:8:      layout_cave_pods, lemuel_round_altar,
          minmay_guarded_unrand_staff_of_olgreb
D:9:      corexii_shack_village, layout_cross, pdpol_wu_jian_five_deadly_venoms,
          general_overflow_altar, lair_entry_dummy
D:10:     layout_stronghold, minmay_misc_feat_roman, kennysheep_minor_cross,
          eino_house_with_fridge
D:11:     layout_cave_pods, minmay_orc_entry_temple_small, feat_on_display
Temple:   corrupted_temple
Lair:1:   layout_cave_shapes
Lair:2:   layout_gridlike, lemuel_fruit_tree
Lair:3:   layout_regular_city, basic_altar, kennysheep_rathole,
          serial_bayou_shore_b, uniq_rupert
Lair:4:   layout_regular_city, minmay_shoals_entry_centaurs,
          spider_nest_entry_webs, gammafunk_ghost_hydra_chop,
          infiniplex_staircase_pool_2, uniq_nessos

Skill      XL: |  1  2  3  4  5  6  7  8  9 10 11 12 13 |
---------------+----------------------------------------+-----
Transmutations | 1 2 3 4 5 6 |  6.3
Earth Magic    | 4 5 6 7 9 10 11 12 13 | 13.1
Fighting       | 1 2 3 5 6 8 |  8.3
Dodging        | 2 3 4 |  4.2
Conjurations   | 1 2 3 5 6 8 |  8.0
Spellcasting   | 3 4 5 6 7 |  7.4
Armour         | 1 2 3 4 6 |  6.0
Shields        | 2 3 4 |  4.0
Invocations    | 2 5 7 9 |  9.9
Translocations | 2 |  2.8
Stealth        | |  2.1

Action                   |  1- 3 |  4- 6 |  7- 9 | 10-12 | 13-15 || total
-------------------------+-------+-------+-------+-------+-------++-------
Melee: Unarmed           |    35 |       |       |       |       ||    35
       Dagger            |    60 |   141 |       |   291 |    64 ||   556
       Rapier            |       |    38 |   269 |       |       ||   307
       Whip              |       |    39 |       |       |       ||    39
       Staff             |       |       |    59 |    27 |       ||    86
 Fire: Hunting sling     |       |       |       |    37 |       ||    37
 Cast: Sandblast         |    27 |    51 |    62 |     2 |       ||   142
       Stone Arrow       |       |       |    81 |   212 |    34 ||   327
       Lee's Rapid Decon |       |       |       |    71 |    32 ||   103
       Petrify           |       |       |       |    10 |    11 ||    21
       Blink             |       |       |       |     1 |       ||     1
Invok: Channel Magic     |       |       |       |     2 |     1 ||     3
Evoke: Wand              |       |       |     9 |       |     3 ||    12
  Use: Scroll            |       |     6 |     5 |     7 |       ||    18
       Potion            |       |       |       |     1 |     4 ||     5
 Stab: Sleeping          |     3 |     3 |     4 |     8 |       ||    18
       Petrified         |       |       |       |    15 |       ||    15
Armor: Robe              |    45 |    98 |   152 |       |       ||   295
       Steam dragon scal |       |       |       |   219 |    80 ||   299
Dodge: Dodged            |    78 |   171 |   232 |   233 |    93 ||   807
Block: Buckler           |       |       |   132 |   176 |    75 ||   383
